 Dungeon Crawl Stone Soup version 0.20.0-10-g0535bb4 (webtiles) character file.

39 Scud the Chiller (level 3, 0/24 HPs)
             Began as a Barachi Ice Elementalist on June 4, 2017.
             Was an Initiate of Qazlal.
             Succumbed to an adder's poison
             ... on level 2 of the Dungeon.
             The game lasted 00:16:29 (1342 turns).

Scud the Chiller (Barachi Ice Elementalist)         Turns: 1342, Time: 00:16:31

Health: 0/24       AC:  2    Str:  9    XL:     3   Next: 47%
Magic:  0/6        EV: 12    Int: 16    God:    Qazlal [......]
Gold:   99         SH:  0    Dex: 12    Spells: 4/7 levels left

rFire    + . .     SeeInvis .   (no weapon)
rCold    x . .     Gourm    .   (no shield)
rNeg     . . .     Faith    .   a - +0 robe
rPois    .         Spirit   .   (no helmet)
rElec    .         Reflect  .   e - scarf {repulsion}
rCorr    .         Harm     .   (no gloves)
MR       .....                  (no boots)
Stlth    ++........             (no amulet)
Regen    0.1/turn               h - ring of fire
MPRegen  0.1/turn               (no ring)

@: lethally poisoned (0 -> -16), repel missiles, slow
A: +LOS, swims, slowness 1, strong legs 1
a: Hop, Renounce Religion


You were on level 2 of the Dungeon.
You worshipped Qazlal.
Qazlal was noncommittal.
You were not hungry.

You visited 1 branch of the dungeon, and saw 2 of its levels.

You collected 99 gold pieces.

Inventory:

Armour
 a - a +0 robe (worn)
 e - a scarf of repulsion (worn)
Jewellery
 h - a ring of fire (left hand)
Scrolls
 d - 3 scrolls of magic mapping
 f - a scroll of random uselessness {unknown}
 g - a scroll of fog
Potions
 j - a potion of flight {unknown}
Books
 b - a book of Frost

   Spells                             Type                      Level
   a - Freeze                         Ice                          1
   b - Throw Frost                    Conjuration/Ice              2
   c - Ozocubu's Armour               Charms/Ice                   3
   d - Throw Icicle                   Conjuration/Ice              4
   e - Summon Ice Beast               Ice/Summoning                4
Comestibles
 c - 2 bread rations
 i - a royal jelly


   Skills:
 - Level 2.5 Dodging
 - Level 2.2 Stealth
 + Level 2.6 Spellcasting
 + Level 1.1 Conjurations
 + Level 4.3 Ice Magic


You had 4 spell levels left.
You knew the following spells:

 Your Spells              Type           Power        Failure   Level  Hunger
a - Freeze                Ice            ###.         3%          1    #......
b - Throw Frost           Conj/Ice       ##....       10%         2    ##.....


Dungeon Overview and Level Annotations

Branches:
Dungeon (2/15)

Altars:
Qazlal


Innate Abilities, Weirdness & Mutations

Shadows flee at your approach. (+LOS)
You can swim through water.
You cover ground slowly.
You can hop short distances.


Message History

The adder is almost dead.
* * * LOW HITPOINT WARNING * * *
You feel sick. The adder bites you.
* * * LOW HITPOINT WARNING * * *
You are more poisoned.
The adder poisons you!
* * * LOW HITPOINT WARNING * * *
You feel sick. The adder barely misses you.
* * * LOW HITPOINT WARNING * * *
You feel sick.
* * * LOW HITPOINT WARNING * * *
You feel sick. The adder barely misses you.
Casting: Freeze
Confirm with . or Enter, or press ? or * to list all spells.
Aiming: Freeze
Press: ? - help, Shift-Dir - straight line, f/p - adder
Aim: an adder (almost dead)
You freeze the adder.
The adder is almost dead.
You die...

#.. ##. #. .. #. #. ## #### #.
#. #.##..# ### #.##.#.#.# ..
#..##S#################
#...##@##....#.........
.#######.....###.(.....######
.............# #.............
..........##.# #...........##
..........##.# #...........##
..........##.# #...........## #.
.########..#.# #...........##
.... ##.#.# #...........##
#.....########...###...........#


You could see an adder.

Vanquished Creatures
  An ooze (D:1)
  A worm (D:2)
  A leopard gecko (D:1)
  2 bats
  A giant cockroach (D:1)
  7 goblins
  2 hobgoblins (D:1)
  7 kobolds
  2 frilled lizards (D:1)
  5 rats
29 creatures vanquished.

Vanquished Creatures (others)
  A minotaur (D:1)
  A draconian (D:1)
  A gargoyle (D:1)
  An elf (D:1)
  2 trolls (D:1)
  A spriggan (D:1)
  3 vampires (D:1)
  A dwarf (D:1)
  A centaur (D:1)
  A mummy (D:1)
  An orc (D:1)
  A kobold (D:1)
  11 tentacles (D:1)
26 creatures vanquished.

Grand Total: 55 creatures vanquished

Notes
Turn   | Place    | Note
-------+----------+-------------------------------------------
     0 | D:1      | Scud the Barachi Ice Elementalist began the quest for the Orb.
     0 | D:1      | Reached XP level 1. HP: 13/13 MP: 3/3
     2 | D:1      | Killed a vampire
     4 | D:1      | Killed a vampire
     5 | D:1      | Killed a spriggan
     7 | D:1      | Killed a vampire
     8 | D:1      | Killed a draconian
     9 | D:1      | Killed a centaur
     9 | D:1      | Killed a troll
     9 | D:1      | Killed a gargoyle
    12 | D:1      | Killed a minotaur
    15 | D:1      | Killed a troll
    16 | D:1      | Killed an elf
    16 | D:1      | Killed a dwarf
    27 | D:1      | Noticed a kraken
   182 | D:1      | Reached XP level 2. HP: 17/19 MP: 0/5
   203 | D:1      | Learned a level 2 spell: Throw Frost
   335 | D:1      | Reached skill level 4 in Ice Magic
   476 | D:1      | Reached XP level 3. HP: 8/24 MP: 1/6
  1092 | D:2      | Found a stormy altar of Qazlal.
  1094 | D:2      | Noticed a water elemental
  1121 | D:2      | Noticed an air elemental
  1121 | D:2      | Noticed an earth elemental
  1122 | D:2      | Noticed a fire elemental
  1131 | D:2      | Became a worshipper of Qazlal Stormbringer
  1341 | D:2      | HP: 1/24 [poisoned by an adder]
  1342 | D:2      | Succumbed to an adder's poison

Skill      XL: |  1  2 |
---------------+-------+-----
Stealth        | 2 |  2.2
Ice Magic      | 4 |  4.3
Dodging        | |  2.5
Spellcasting   | |  2.6
Conjurations   | |  1.1

Action                   || total
-------------------------++-------
Melee: Unarmed           ||    55
 Cast: Freeze            ||    35
       Throw Frost       ||    14
 Abil: Hop               ||     2
  Use: Scroll            ||     5
       Potion            ||     1
 Stab: Sleeping          ||     1
  Eat: Chunk             ||     3
Armor: Robe              ||    14
Dodge: Dodged            ||    88
       Deflected         ||     8
